 Dungeon Crawl Stone Soup version 0.27-a0-1579-g97d2440184 (webtiles) character file.

Game seed: 17200927586587409974

1317 Zonian the Conjurer (level 8, -6/42 HPs)
             Began as a Vine Stalker Conjurer on July 17, 2021.
             Was a Believer of Uskayaw.
             Mangled by a two-headed ogre (8 damage)
             ... on level 6 of the Dungeon.
             The game lasted 00:15:16 (7574 turns).

Zonian the Conjurer (Vine Stalker Conjurer)         Turns: 7574, Time: 00:15:16

Health: -6/42      AC:  6    Str:  5    XL:     8   Next: 59%
Magic:  0/13       EV: 14    Int: 18    God:    Uskayaw [**....]
Gold:   190        SH:  0    Dex: 19    Spells: 9/12 levels left

rFire    . . .     SeeInvis .   m - +2 dagger (spect)
rCold    . . .     Faith    .   (no shield)
rNeg     . . .     Spirit   +   a - +0 robe
rPois    .         Reflect  .   f - +0 helmet of Amorality {Will+ Str-5 Dex+4 Stlth+}
rElec    .         Harm     .   q - +0 cloak
rCorr    .         Rampage  .   (no gloves)
Will     ++...                  r - +1 pair of boots
Stlth    ++++......             y - amulet of magic regeneration
HPRegen  1.14/turn              (no ring)
MPRegen  0.38/turn              (no ring)

@: no status effects
A: fangs 3, regeneration 1, magic shield, antimagic bite, no potion heal 2
a: Renounce Religion, Stomp, Line Pass


You were on level 6 of the Dungeon.
You worshipped Uskayaw.
Uskayaw was noncommittal.
You visited 1 branch of the dungeon, and saw 6 of its levels.
You also visited: Ossuary.

You collected 211 gold pieces.
You spent 21 gold pieces at shops.

Inventory:

Hand Weapons
 d - a +2 dagger of electrocution
 m - a +2 spectral dagger (weapon)
Missiles
 c - 42 poisoned darts
 k - 3 javelins
 o - 9 boomerangs
 p - 5 atropa-tipped darts
Armour
 a - a +0 robe (worn)
 f - the +0 helmet of Amorality (worn) {Will+ Str-5 Dex+4 Stlth+}
   (You acquired it on level 3 of the Dungeon)

   Str:       It affects your strength (-5).
   Dex:       It affects your dexterity (+4).
   Will:      It increases your willpower.
   Stlth:     It makes you more stealthy.
 q - a +0 cloak (worn)
 r - a +1 pair of boots (worn)
Jewellery
 y - an amulet of magic regeneration (around neck)
Scrolls
 z - a scroll of fog
Potions
 b - 2 potions of attraction
 e - a potion of heal wounds
 g - a potion of magic
 h - a potion of brilliance
 i - a potion of resistance
 j - 2 potions of lignification
 n - a potion of cancellation
 s - 2 potions of curing
 t - 3 potions of berserk rage {unknown}
 u - a potion of might {unknown}
 v - 2 potions of ambrosia {unknown}
 w - 2 potions of flight {unknown}


   Skills:
 + Level 4.1 Fighting
 + Level 4.1 Short Blades
 + Level 4.2 Dodging
 - Level 3.5 Stealth
 - Level 2.7 Spellcasting
 - Level 4.6 Conjurations
 + Level 4.3 Invocations


You had 9 spell levels left.
You knew the following spells:

 Your Spells              Type           Power      Damage    Failure   Level
a - Magic Dart            Conj           76%        1d6       2%          1
b - Searing Ray           Conj           38%        3d4       3%          2

Your spell library contained the following spells:

 Spells                   Type           Power      Damage    Failure   Level
 Pain                     Necr           8%         1d4       17%         1
 Dazzling Flash           Conj/Hex       20%        N/A       19%         3
 Corpse Rot               Necr/Air       N/A        N/A       26%         2
 Fulminant Prism          Conj/Hex       5%         3d7       54%         4
 Iskenderun's Mystic Bla  Conj/Tloc      10%        2d4       54%         4
 Dispel Undead            Necr           2%         3d7       86%         4
 Agony                    Necr           2%         N/A       99%         5
 Excruciating Wounds      Necr           1%         N/A       99%         5
 Death Channel            Necr           1%         N/A       100%        6


Dungeon Overview and Level Annotations

Branches:
Dungeon (6/15)            Ossuary (visited)
 Temple: D:4-7

Altars:
Fedhas
Uskayaw
Zin

Shops:
D:1 *

Annotations:
D:2 Natasha
D:6 3 runed translucent doors


Innate Abilities, Weirdness & Mutations

You have razor-sharp teeth.
Your natural rate of healing is unusually fast.
When hurt, damage is shared between your health and your magic reserves.
Your bite disrupts and absorbs the magic of your enemies.
Potions cannot restore your health.


Message History

Found a stone staircase leading down.
You aren't carrying any items that you can evoke.
Unknown command.
Casting: Magic Dart (safe; 2% risk of failure)
Confirm with . or Enter, or press ? or * to list all spells.
Aiming: Searing Ray (safe; 3% risk of failure)
Press: ? - help, Shift-Dir - straight line, f - two-headed ogre
Aim: a two-headed ogre, wielding a +0 giant club and a +0 giant spiked club (lightly wounded, 89% to hit)
The searing ray hits the two-headed ogre.
The two-headed ogre is moderately wounded. (Press . to maintain the ray.)
The searing ray hits the two-headed ogre!
The two-headed ogre is heavily wounded.
Unknown command.
The searing ray hits the two-headed ogre.
The two-headed ogre is heavily wounded.
Unknown command.
The searing ray hits the two-headed ogre.
The two-headed ogre is heavily wounded.
You finish channeling your searing ray.
The two-headed ogre barely misses you. The two-headed ogre misses you.
You can now pass through a line of other dancers.
Unknown command.
You hit the two-headed ogre.
You bite the two-headed ogre, but do no damage.
The two-headed ogre is severely wounded.
The two-headed ogre hits you with a +0 giant club!
The two-headed ogre hits you with a +0 giant spiked club!
You barely miss the two-headed ogre. Your bite misses the two-headed ogre.
The two-headed ogre is severely wounded.
You hit the two-headed ogre.
The two-headed ogre is severely wounded.
The two-headed ogre barely misses you.
The two-headed ogre hits you with a +0 giant spiked club!
You barely miss the two-headed ogre. Your bite misses the two-headed ogre.
The two-headed ogre is severely wounded.
The two-headed ogre hits you with a +0 giant club!
* * * LOW HITPOINT WARNING * * *
The two-headed ogre hits you with a +0 giant spiked club!
You die...

#####.# #....##.#......#
....<.. #.##.##.#......#
## .# #.##.#......#†.# #.#
#.##.##........# #####.###
#.#............#
.....>..#.#.#..........#.#
..........#.#...<..<.....#
###...##.##.#####.####...#
......+........O@........#
.##...###.#.##########..##
..........#.# ....
...........O## # #.#.
####..####...##.# ..
...####5.###..#.# ...
....5. ##.#.# .# .5.....
#...# # #..##...#


You could see a two-headed ogre.

Vanquished Creatures
  A black bear (D:4)
  2 necrophages
  An ogre (D:5)
  A centaur (D:4)
  A phantom (D:5)
  An elf zombie (Ossuary)
  A wyvern skeleton (D:6)
  A water moccasin skeleton (D:5)
  A bullfrog zombie (D:6)
  2 hounds
  An orc priest (D:3)
  A gnoll shaman (D:5)
  5 human zombies (Ossuary)
  A bullfrog skeleton (D:6)
  Jessica (D:2)
  An orc wizard (D:3)
  2 hound zombies (Ossuary)
  3 mummies (Ossuary)
  4 gnolls
  3 adders
  An ufetubus (D:5)
  4 adder zombies (Ossuary)
  An adder skeleton (D:3)
  3 worms
  5 orcs
  4 ball pythons
  4 endoplasms
  3 giant cockroaches
  9 goblins
  11 hobgoblins
  3 jackals (D:4)
  4 quokkas
  6 bats
  3 frilled lizards
  3 gnoll zombies (Ossuary)
  2 goblin zombies (Ossuary)
  4 jackal zombies (Ossuary)
  10 kobolds
  4 kobold zombies (Ossuary)
  5 quokka zombies (Ossuary)
  4 rats
  5 rat zombies (Ossuary)
132 creatures vanquished.

Vanquished Creatures (others)
  9 fungi (D:5)
9 creatures vanquished.

Grand Total: 141 creatures vanquished

Notes
Turn   | Place    | Note
-------+----------+-------------------------------------------
     0 | D:1      | Zonian the Vine Stalker Conjurer began the quest for the
                  | Orb.
     0 | D:1      | Reached XP level 1. HP: 9/9 MP: 4/4
    17 | D:1      | Found a faded altar of an unknown god.
   155 | D:1      | Reached XP level 2. HP: 13/13 MP: 0/6
   327 | D:1      | Learned a level 2 spell: Searing Ray
   671 | D:1      | Found Edwot's Assorted Antiques.
   678 | D:1      | Bought a scroll labelled KOERAEVEGG for 21 gold pieces
  1089 | D:2      | Reached XP level 3. HP: 16/16 MP: 4/7
  1092 | D:2      | Noticed Natasha
  1551 | D:2      | Noticed Jessica
  1582 | D:2      | Killed Jessica
  1795 | D:2      | Gained mutation: Your natural rate of healing is unusually
                  | fast. [Vine Stalker growth]
  1795 | D:2      | Reached XP level 4. HP: 15/21 MP: 6/9
  2654 | D:2      | Found a hide-covered altar of Uskayaw.
  2676 | D:2      | Became a worshipper of Uskayaw the Reveller
  3211 | D:2      | Reached * piety under Uskayaw
  3312 | D:3      | Reached ** piety under Uskayaw
  3317 | D:3      | Reached skill level 1 in Fighting
  3317 | D:3      | Reached skill level 1 in Short Blades
  3528 | D:3      | Identified a scroll of acquirement
  3528 | D:3      | Acquired the +0 helmet of Amorality {Will+ Str-5 Dex+4
                  | Stlth+}
  3568 | D:3      | Found a blossoming altar of Fedhas.
  3812 | D:3      | Reached *** piety under Uskayaw
  3814 | D:3      | Reached skill level 1 in Invocations
  3814 | D:3      | Reached XP level 5. HP: 17/25 MP: 3/10
  4680 | D:4      | Noticed a centaur
  5195 | D:4      | Identified the +1 scale mail of Tadweiph {rPois Dex+5}
  5222 | D:4      | Noticed a black bear
  5230 | D:4      | Killed a black bear
  5231 | D:4      | Reached XP level 6. HP: 25/30 MP: 8/11
  5238 | D:4      | Reached **** piety under Uskayaw
  6007 | D:5      | Entered Level 5 of the Dungeon
  6014 | D:5      | Reached XP level 7. HP: 29/35 MP: 9/12
  6090 | D:5      | Found a sand-covered staircase.
  6098 | Ossuary  | Entered an ossuary
  6545 | Ossuary  | Gained mutation: You have razor-sharp teeth. [Vine Stalker
                  | growth]
  6545 | Ossuary  | Reached XP level 8. HP: 37/40 MP: 13/13
  7245 | D:5      | Found a glowing silver altar of Zin.
  7522 | D:6      | Noticed a two-headed ogre
  7537 | D:6      | Found a runed translucent gate.
  7537 | D:6      | Found a runed translucent gate.
  7537 | D:6      | Found a runed translucent gate.
  7574 | D:6      | HP: 2/42 [two-headed ogre (12)]
  7574 | D:6      | Mangled by a two-headed ogre

Illustrated notes

Levels and vault maps discovered:
D:1:      dpeg_arrival_simpleton_a, layout_loops_ring, serial_shops, shop,
          ebering_ecumenical_altar_petrified, minmay_misc_feat_enclosed,
          minmay_heptomino_h4
D:2:      layout_rooms, basic_altar, uniq_jessica, uniq_natasha
D:3:      layout_basic, mainiacjoe_overflow_cross_hatched
D:4:      layout_gridville
D:5:      layout_rooms, zin_scriptorium, enter_ossuary_2, serial_aquarium,
          aquarium_bridge_straight [aquarium_subvault_bridge,
          aquarium_subvault_window, aquarium_subvault_bridge,
          aquarium_subvault_window], aquarium_window_corridor_3,
          aquarium_window_1, aquarium_view_2b
D:6:      layout_basic, okawaru_trees_2, gammafunk_temple_overflow_wave,
          gammafunk_ghost_icy, nicolae_elemental_shop

Skill      XL: |  1  2  3  4  5  6  7  8 |
---------------+-------------------------+-----
Stealth        | 3 |  3.5
Fighting       | 1 2 3 4 |  4.1
Short Blades   | 1 2 3 4 |  4.1
Dodging        | 2 3 4 |  4.2
Invocations    | 1 2 3 4 |  4.3
Spellcasting   | |  2.7
Conjurations   | |  4.6

Action                   |  1- 3 |  4- 6 |  7- 9 || total
-------------------------+-------+-------+-------++-------
Melee: Dagger            |    17 |   240 |   188 ||   445
       Bite              |     2 |    55 |    46 ||   103
 Cast: Magic Dart        |    47 |    21 |    22 ||    90
       Searing Ray       |       |       |     1 ||     1
Invok: Stomp             |       |     2 |       ||     2
       Line Pass         |       |       |     2 ||     2
  Use: Scroll            |       |    12 |     8 ||    20
 Stab: Sleeping          |     1 |     9 |     7 ||    17
       Paralysed         |       |     2 |     2 ||     4
       Distracted        |       |     1 |     2 ||     3
Armor: Robe              |       |    67 |    35 ||   102
Dodge: Dodged            |     9 |   106 |   140 ||   255

Table legend: (Time is in decaauts)
 A = Elapsed time spent in this place.
 B = Non-inter-level travel time spent in this place.
 C = Inter-level travel time spent in this place.
 D = Time resting spent in this place.
 E = Time spent auto-exploring this place.
 F = Levels seen in this place.
 G = Mean time per level.
                   A        B        C        D        E       F      G
               +--------+--------+--------+--------+--------+-----+--------+
         Total |   7530 |   7161 |    369 |   3276 |   2209 |   7 | 1075.7 |
       Dungeon |   6836 |   6467 |    369 |   2876 |   2186 |   6 | 1139.3 |
       Ossuary |    694 |    694 |      0 |    400 |     23 |   1 |  694.0 |
               +--------+--------+--------+--------+--------+-----+--------+

Top non-repeatable levels by time:
     D:2: 1766 daAuts
     D:3: 1673 daAuts
     D:1: 1495 daAuts
     D:4: 1081 daAuts
 Ossuary: 694 daAuts
     D:5: 687 daAuts
     D:6: 132 daAuts
